 Dungeon Crawl Stone Soup version 0.14-a0-1330-g3eed206 (webtiles) character file.

3964 PolkaDot the Soul Tainter (level 9, -3/63 HPs)
             Began as a Vampire Death Knight on Dec 6, 2013.
             Was a Priest of Yredelemnul.
             Slain by a wight
             ... wielding a +2,+2 short sword
              (9 damage)
             ... on Level 7 of the Dungeon.
             The game lasted 00:39:23 (8317 turns).

PolkaDot the Soul Tainter (Vampire Death Knight)    Turns: 8317, Time: 00:39:24

HP  -3/63        AC  4     Str 12      XL: 9   Next: 85%
MP  20/20        EV 14     Int 13      God: Yredelemnul [***...]
Gold 369         SH  0     Dex 16      Spells:  0 memorised,  8 levels left

rFire  . . .     SeeInvis +     a - +1 short sword
rCold  + + .     Clarity  .     b - +1 leather armour
rNeg   + + +     Conserve .     (no shield)
rPois  +         rCorr    .     (no helmet)
rElec  .         rRot     +     (no cloak)
SustAb + .       Spirit   .     (no gloves)
rMut   .         Warding  .     (no boots)
Saprov . . .     Stasis   .     (no amulet)
                                j - ring of sustain abilities
                                i - ring of invisibility

@: regenerating slowly, invisible, very slightly contaminated, somewhat
resistant to hostile enchantments, unstealthy
A: bottle blood, fangs 3, see invisible, unbreathing
a: Bat Form, Bottle Blood, Animate Dead, Recall Undead Slaves, Injury Mirror,
Renounce Religion, Turn Visible


You were on level 7 of the Dungeon.
You worshipped Yredelemnul.
Yredelemnul was most pleased with you.
You were near bloodless.

You visited 1 branch of the dungeon, and saw 8 of its levels.
You also visited: Sewer.

You collected 369 gold pieces.

Inventory:

Hand weapons
 a - a +1,+1 short sword (weapon)
Armour
 b - a +1 leather armour (worn)
Scrolls
 d - 4 scrolls of remove curse
 e - a scroll of fog
 f - 2 scrolls of blinking {unknown}
 k - 3 scrolls of random uselessness {unknown}
 l - a scroll of noise {unknown}
 m - a scroll of enchant weapon II {unknown}
 n - 3 scrolls of fear {unknown}
 q - a scroll of recharging {unknown}
 s - 2 scrolls of teleportation {unknown}
 t - 3 scrolls of identify
 w - a scroll of silence {unknown}
Jewellery
 g - an uncursed ring of protection from magic
 h - a +4 ring of intelligence
 i - a ring of invisibility (left hand)
 j - a ring of sustain abilities (right hand)
 v - an uncursed ring of regeneration
Potions
 c - 2 potions of magic
 o - a potion of restore abilities
 p - a potion of lignification {unknown}


   Skills:
 - Level 3.0 Fighting
 - Level 7.4 Short Blades
 - Level 0.7 Armour
 - Level 5.1 Dodging
 * Level 8.6 Invocations
 + Level 6.9 Evocations


You had 8 spell levels left.
You didn't know any spells.

Dungeon Overview and Level Annotations

Branches:
Dungeon (8/16)             Temple (0/1) D:7
   Lair: D:8-11

Altars:
Elyvilon
Makhleb
Okawaru

Shops:
D:8 ?


Innate Abilities, Weirdness & Mutations

You heal slowly.
You can bottle blood from corpses.
You have razor-sharp teeth.*
You have supernaturally acute eyesight.
You can survive without breathing.*


Message History

The wight completely misses you.
You strike the helpless hobgoblin from behind!
You bite the hobgoblin, and draw its blood!
You feel better.
You feel slightly less thirsty.
You puncture the hobgoblin!
You kill the hobgoblin!
Yredelemnul accepts your kill. The wight barely misses you.
The wight closely misses you.
The wight hits your kobold skeleton with a morningstar!
Your kobold skeleton is destroyed!
There is a stone staircase leading down here.
Things that are here:
an orcish club; a hobgoblin corpse You catch the helpless wight completely off-guard!
You slash the wight!
The wight is almost destroyed.
You closely miss the wight.
The wight is almost destroyed.
The wight hits you with a short sword!
You die...
Yredelemnul claims you as an undead slave.

####### ### ### ### #####
#.(#..###.###.#####.#######.#.# #
.....#....##..##>..##.#.#.....###
...........###z>.....#.##.....#.#
............#.zz@......##......##
...............................##
......[........................#.
.................................
.................................
.................................
.................................
.........................).......
...........#.......#.............


You could see 3 wights.

Vanquished Creatures
  Pikel (D:7)
  An orange demon (D:6)
  A hippogriff (D:7)
  An orc warrior (D:7)
  An ogre (D:5)
  A phantom (D:5)
  A centaur (D:7)
  5 sky beasts
  Sigmund (D:6)
  A giant frog (D:6)
  A water moccasin (D:5)
  2 gnoll sergeants (D:6)
  2 wights (D:7)
  3 hounds
  2 orc priests (D:7)
  A scorpion (D:4)
  4 orc wizards (D:7)
  4 worker ants
  9 adders
  4 gnolls
  A giant mite (D:5)
  5 worms
  16 orcs
  A ball python (D:4)
  4 giant cockroaches
  10 goblins
  13 hobgoblins
  4 jackals
  A quokka (D:3)
  4 training dummies (D:7)
  8 bats
  11 giant geckos
  14 giant newts
  A giant newt skeleton (D:5)
  13 kobolds
  An orc skeleton (D:6)
  6 rats
  A rat skeleton (D:4)
160 creatures vanquished.

Vanquished Creatures (collateral kills)
  4 orange demons (D:6)
  Menkaure (D:6)
  A rotting devil (D:6)
  A giant frog (D:5)
  A giant slug (Sewer)
  2 wights (D:7)
  An orc priest (D:5)
  2 orc wizards (D:5)
  A hound (D:6)
  2 scorpions
  A water moccasin zombie (D:5)
  A big fish (D:3)
  A two-headed ogre skeleton (D:7)
  2 worker ants
  5 gnolls
  5 adders
  A worm (D:3)
  An ooze (D:4)
  5 orcs
  A giant cockroach (D:3)
  3 goblins
  A hobgoblin (D:3)
  A jackal (Sewer)
  3 kobolds
  A quokka (D:7)
  3 bats
  A rat (D:5)
52 creatures vanquished.

Vanquished Creatures (others)
  2 flying skulls (D:6)
  A wraith (D:6)
  An orc warrior (D:6)
  A hippogriff zombie (D:7)
  A wight (D:6)
  A centaur skeleton (D:7)
  An orc wizard (D:6)
  2 worker ant zombies
  3 orcs (D:6)
  A kobold (D:7)
  A giant cockroach zombie (D:3)
  2 giant gecko zombies
  A goblin zombie (D:5)
  A kobold skeleton (D:7)
  8 orc zombies
  A rat skeleton (D:2)
  A rat zombie (D:5)
29 creatures vanquished.

Grand Total: 241 creatures vanquished

Notes
Turn   | Place    | Note
--------------------------------------------------------------
     0 | D:1      | PolkaDot, the Vampire Death Knight, began the quest for the Orb.
     0 | D:1      | Reached XP level 1. HP: 16/16 MP: 1/1
   213 | D:1      | Reached XP level 2. HP: 21/23 MP: 2/2
   657 | D:2      | Reached XP level 3. HP: 23/28 MP: 2/4
   677 | D:2      | Reached skill level 3 in Fighting
   871 | D:2      | Acquired Yredelemnul's second power
  1153 | D:2      | Reached XP level 4. HP: 12/35 MP: 5/5
  1306 | D:2      | Reached skill level 4 in Short Blades
  1610 | D:3      | Found a white marble altar of Elyvilon.
  1626 | D:3      | Reached XP level 5. HP: 35/41 MP: 3/6
  1713 | D:3      | Reached skill level 5 in Short Blades
  2170 | D:4      | Reached skill level 6 in Short Blades
  2193 | D:4      | Reached XP level 6. HP: 10/47 MP: 8/8
  2654 | D:4      | Acquired Yredelemnul's third power
  2879 | D:4      | Reached skill level 7 in Short Blades
  3332 | D:4      | Received a gift from Yredelemnul
  3361 | D:5      | Entered Level 5 of the Dungeon
  3611 | D:5      | Found a glowing drain.
  3618 | Sewer    | Entered a sewer
  3706 | Sewer    | Received a gift from Yredelemnul
  3911 | D:5      | Reached skill level 1 in Evocations
  3911 | D:5      | Reached XP level 7. HP: 33/52 MP: 9/9
  4646 | D:5      | Reached skill level 5 in Dodging
  4948 | D:6      | Noticed an orange demon
  4949 | D:6      | Noticed an orange demon
  4950 | D:6      | Noticed an orange demon
  4951 | D:6      | Noticed an orange demon
  4960 | D:6      | Killed an orange demon
  4960 | D:6      | Reached XP level 8. HP: 26/58 MP: 9/12
  4968 | D:6      | Killed an orange demon
  5245 | D:5      | Received a gift from Yredelemnul
  5441 | D:6      | Killed an orange demon
  5671 | D:6      | Reached skill level 5 in Invocations
  5718 | D:6      | Noticed Sigmund
  5735 | D:6      | Killed Sigmund
  5834 | D:6      | Noticed Menkaure
  5847 | D:6      | Killed Menkaure
  6304 | D:6      | Killed an orange demon
  6304 | D:6      | Reached skill level 5 in Evocations
  6310 | D:6      | Noticed an orange demon
  6351 | D:6      | Killed an orange demon
  6351 | D:6      | Reached XP level 9. HP: 10/63 MP: 15/18
  7493 | D:7      | Found a burning altar of Makhleb.
  7501 | D:7      | Found a white marble altar of Elyvilon.
  7568 | D:7      | Found a staircase to the Ecumenical Temple.
  7813 | D:7      | Noticed Pikel
  7838 | D:7      | Killed Pikel
  7838 | D:7      | Reached skill level 8 in Invocations
  7988 | D:7      | Found an iron altar of Okawaru.
  8298 | D:8      | Found Wiopsous' Magic Scroll Shop.
  8309 | D:8      | HP: 2/63 [wight/morningstar (15)]
  8317 | D:7      | Slain by a wight

Action                   |  1- 3 |  4- 6 |  7- 9 || total
-------------------------+-------+-------+-------++-------
Melee: Short sword       |   123 |   412 |   380 ||   915
Invok: Animate Remains   |     5 |    22 |       ||    27
       Animate Dead      |       |     8 |    21 ||    29
       Recall Undead Sla |       |       |     2 ||     2
 Abil: Evoke Invisibilit |       |       |     8 ||     8
  Use: Potion            |     1 |     3 |     6 ||    10
       Scroll            |     8 |     3 |     1 ||    12
 Stab: Distracted        |       |     6 |     2 ||     8
       Sleeping          |       |     1 |     1 ||     2
       Invisible         |       |       |    35 ||    35
